 Dungeon Crawl Stone Soup version 0.31-a0-255-g9c3d1c461a (webtiles) character file.

Game seed: 17491604838281256894

54 qw the Shooter (level 3, 0/29 HPs)
             Began as a Minotaur Hexslinger on July 12, 2023.
             Slain by Natasha (9 damage)
             ... on level 2 of the Dungeon.
             The game lasted 00:00:30 (1345 turns).

qw the Shooter (Minotaur Hexslinger)                Turns: 1345, Time: 00:00:31

Health: 0/29       AC:  2    Str: 12    XL:     3   Next: 66%
Magic:  3/3        EV: 12    Int: 10    God:
Gold:   90         SH:  0    Dex: 14    Spells: 3/4 levels left

rFire   . . .        Y - +2 sling
rCold   . . .        (no shield)
rNeg    + . .        c - +0 robe
rPois   .            (helmet restricted)
rElec   .            (no cloak)
rCorr   .            (no gloves)
SInv    .            (no boots)
Will    .....        (no amulet)
Stlth   +            g - ring of positive energy
HPRegen 0.24/turn    (no ring)
MPRegen 0.08/turn

%: no passive effects
@: no status effects
A: horns 2, retaliatory headbutt
a: no special abilities


You were on level 2 of the Dungeon.
You visited 1 branch of the dungeon, and saw 2 of its levels.

You collected 90 gold pieces.


Innate Abilities, Weirdness & Mutations

You have a pair of horns on your head.
You reflexively headbutt those who attack you in melee.


   Skills:
 - Level 2.1 Fighting
 + Level 4.1 Ranged Weapons
 - Level 2.1 Dodging
 - Level 1.0 Spellcasting
 - Level 2.0 Hexes


You had 3 spell levels left.
You knew the following spells:

 Your Spells              Type           Power      Damage    Failure   Level
a - Slow                  Hex            16%        N/A       16%         1

Your spell library contained the following spells:

 Spells                   Type           Power      Damage    Failure   Level
 Inner Flame              Hex/Fire       2%         N/A       56%         3
 Portal Projectile        Hex/Tloc       4%         N/A       56%         3
 Cause Fear               Hex            2%         N/A       83%         4

Inventory:

Hand Weapons
 Y - a +2 sling (weapon)
Armour
 b - a +0 leather armour
 c - a +0 robe (worn)
Jewellery
 g - a ring of positive energy (left hand)
Scrolls
 a - a scroll of identify
Potions
 d - a potion of cancellation {unknown}
 e - a potion of lignification {unknown}
 h - a potion of mutation {unknown}
 k - a potion of magic {unknown}

Dungeon Overview and Level Annotations

Branches:
Dungeon (2/15)

Altars:

Annotations:
D:2 Natasha


Message History

You shoot a sling bullet.
The sling bullet misses the cerulean imp.
The cerulean imp barely misses you.
The cerulean imp hits you with a +0 spear.
You shoot a sling bullet. The sling bullet hits the cerulean imp.
The cerulean imp is heavily wounded.
The cerulean imp hits you with a +0 spear. x2
You shoot a sling bullet.
The sling bullet closely misses the cerulean imp.
The cerulean imp hits you with a +0 spear.
Natasha mumbles some strange words.
Natasha glows brightly for a moment.
The cerulean imp hits you but does no damage.
You shoot a sling bullet. The sling bullet hits the cerulean imp.
The cerulean imp is almost dead.
The cerulean imp closely misses you.
Natasha wildly gestures.
Natasha's front paws start to glow.
You shoot a sling bullet. The sling bullet hits the cerulean imp.
You kill the cerulean imp!
The cerulean imp disappears in a puff of smoke!
The cerulean imp barely misses you. Natasha misses you.
You furiously retaliate!
You headbutt Natasha. You shoot a sling bullet.
The sling bullet closely misses Natasha.
The cerulean imp disappears in a puff of smoke!
Natasha claws you.
The cerulean imp hits you from afar with a +0 spear.
Natasha barely misses you. The cerulean imp completely misses you.
You shoot a sling bullet.
The sling bullet hits Natasha but does no damage.
Natasha is severely wounded.
You feel yourself speed up.
Natasha stares at you and mumbles some strange words.
You resist with significant effort.
The cerulean imp hits you but does no damage.
You shoot a sling bullet.
The sling bullet closely misses Natasha.
Natasha claws you!
You die...

....# ##......#.#
....#
#.......#.###....
....###.......#.#.....
..........##### ....
...#.>..### ...
...###### %ยค
##......# 5#
##......#########h#
................@.#
##......###########
##......# ........#
........# ...######
...# ...# ####


You could see Natasha and a cerulean imp (summoned).

Vanquished Creatures
  2 dart slugs (D:1)
  4 endoplasms
  4 giant cockroaches
  3 goblins
  5 hobgoblins (D:1)
  9 jackals
  2 kobolds
  2 ball pythons (D:1)
  6 bats (D:1)
  2 frilled lizards (D:1)
  6 rats (D:1)
45 creatures vanquished.

Notes
Turn   | Place    | Note
-------+----------+-------------------------------------------
     0 | D:1      | qw the Minotaur Hexslinger began the quest for the Orb.
     0 | D:1      | Reached XP level 1. HP: 16/16 MP: 1/1
     0 | D:1      | 0 ||| qw: Version: 0.3-a-52-g30416fa
     0 | D:1      | 0 ||| qw: Game counter: 6711
     0 | D:1      | 0 ||| qw: Melee chars always use a shield: true
     0 | D:1      | 0 ||| qw: God list: Okawaru
     0 | D:1      | 0 ||| qw: Allow faded altars: false
     0 | D:1      | 0 ||| qw: Do Orc after clearing Dungeon:15 true
     0 | D:1      | 0 ||| qw: Do second Lair branch before Depths: true
     0 | D:1      | 0 ||| qw: Lair rune preference: random
     0 | D:1      | 0 ||| qw: Goals: Normal
     0 | D:1      | 0 ||| PLANNING D:1-11
   141 | D:1      | Reached skill level 3 in Ranged Weapons
   180 | D:1      | Reached XP level 2. HP: 23/23 MP: 2/2
   419 | D:1      | 419 ||| Stepping ~*~*~tactically~*~*~ (water).
   428 | D:1      | 428 ||| Stepping ~*~*~tactically~*~*~ (water).
   456 | D:1      | Reached XP level 3. HP: 29/29 MP: 3/3
   940 | D:1      | 940 ||| UPGRADING to ring of positive energy.
   941 | D:1      | 941 ||| READING 2 scrolls labelled MUAMIXUOSA.
   942 | D:1      | 942 ||| READING scroll labelled COOXIW AC LOA.
   943 | D:1      | 943 ||| READING 3 scrolls labelled URASSEIFFY.
   944 | D:1      | 944 ||| READING scroll labelled MAB WAUC ZUN.
   945 | D:1      | 945 ||| DROPPING scroll of poison.
   946 | D:1      | 946 ||| DROPPING 2 scrolls of vulnerability.
  1193 | D:2      | Reached skill level 4 in Ranged Weapons
  1331 | D:2      | Noticed Natasha
  1345 | D:2      | Slain by Natasha

Levels and vault maps discovered:
D:1:      scummos_arrival_star, layout_loops_corners, serial_bayou,
          serial_bayou_pond_d, serial_bayou_crossing, serial_bayou_pond_c,
          serial_bayou_ford_a
D:2:      layout_basic, uniq_natasha

Skill      XL: |  1  2  3 |
---------------+----------+-----
Ranged Weapons | 3 4 |  4.1
Fighting       | 2 |  2.1
Dodging        | |  2.1
Spellcasting   | |  1.0
Hexes          | |  2.0

Action                     || total
---------------------------++-------
   Fire: Sling             ||   122
    Use: Scroll            ||     4
 Armour: Robe              ||    12
  Dodge: Dodged            ||    30

Table legend:
 A = Non-vault XP
 B = Vault XP
 C = Vault XP percentage of total XP
 D = Non-vault monster count
 E = Vault monster count
 F = Vault count percentage of total count
                 A         B        C        D         E       F
            +---------+---------+-------+---------+---------+-------
      Total |      78 |       0 |   0.0 |      45 |       0 |   0.0
            +---------+---------+-------+---------+---------+-------
        D:1 |      57 |       0 |   0.0 |      34 |       0 |   0.0
        D:2 |      21 |       0 |   0.0 |      11 |       0 |   0.0
            +---------+---------+-------+---------+---------+-------
